 Dungeon Sprint DCSS version 0.17-a0-1691-g18a3847 (webtiles) character file.

1666 cmyster the Imperceptible (level 8, 37/37 HPs)
             Began as a Spriggan Assassin on Aug 20, 2015.
             Was a Follower of Qazlal.
             Got out of the dungeon alive.
             The game lasted 00:08:15 (1447 turns).

cmyster the Imperceptible (Spriggan Assassin)       Turns: 1447, Time: 00:08:15

Health: 37/37      AC:  3    Str:  7    XL:     8   Next: 69%
Magic:  9/9        EV: 27    Int: 12    God:    Qazlal [*.....]
Gold:   529        SH:  1    Dex: 20    Spells: 0 memorised, 7 levels left

rFire  . . .     SeeInvis +     a - +2 dagger
rCold  . . .     Clarity  .     c - +0 robe
rNeg   . . .     SustAt   .     (shield restricted)
rPois  .         Gourm    .     (helmet restricted)
rElec  .         Spirit   .     d - +0 cloak
rCorr  .         Warding  .     (gloves unavailable)
rMut   .         NoTele   +     (boots unavailable)
MR     +....                    (no amulet)
Stlth  +++++++++.               (no ring)
                                (no ring)

@: very quick, somewhat resistant to hostile enchantments, incredibly stealthy
A: unfitting armour, see invisible, herbivore 3, speed 3, slow metabolism 2
a: Renounce Religion


You escaped.
You worshipped Qazlal.
Qazlal was aware of your devotion.
You were not hungry.

You visited 1 branch You collected 529 gold pieces.

Inventory:

Hand weapons
 a - a +2 dagger (weapon)
 b - a +0 blowgun
 o - a +0 short sword of venom
Missiles
 e - 5 poisoned needles
 n - 4 curare-tipped needles
Armour
 c - a +0 robe (worn)
 d - a +0 cloak (worn)
Magical devices
 f - a wand of confusion (25)
Scrolls
 m - a scroll of blinking
 p - a scroll of holy word {unknown}
Potions
 h - a potion of curing
 j - a potion of haste
 k - 2 potions of magic
 l - a potion of berserk rage
Comestibles
 g - a bread ration


   Skills:
 - Level 1.5 Fighting
 - Level 2.1 Short Blades
 - Level 2.1 Throwing
 + Level 9.7 Dodging
 + Level 24.6 Stealth


You had 7 spell levels left.
You didn't know any spells.

Dungeon Overview and Level Annotations

Branches:
Dungeon (1/1)

Altars:
Cheibriados
Dithmenos
Elyvilon
Fedhas
Gozag
Kikubaaqudgha
Makhleb
Nemelex Xobeh
Okawaru
Qazlal
Ru
Sif Muna
Trog
Vehumet
Xom
Yredelemnul
Zin
The Shining One
Jiyva

Shops:
D *%[


Innate Abilities, Weirdness & Mutations

You are tiny and cannot use many weapons and most armour.
You have supernaturally acute eyesight.
You are a herbivore.
You cover ground extremely quickly.
You need consume almost no food.


Message History

a - a +2 dagger (weapon)
Things that are here:
a scythe; a robe You open the door.
There is an open door here.
You open the door.
There is an open door here.
You see here a giant club.
You open the door.
There is an open door here.
You open the door.
A giant eyeball comes into view.
You close the door.
There is an open door here.
You see here a giant club.
There is an open door here.
There is an open door here.
There is a staircase leading out of the dungeon here.
Are you sure you want to leave the Dungeon?
This will make you lose the game!
You have escaped!

##################
#@.#..'..#..+..#__
#..'..#.)'..#.(G..
#.)#####'#####'#__
#..####..#...#[###
#..#__####..##(#≈§
#.|#_..__##+#..c§§
#⌠⌠#_.∩...+..._#§§
####_..._##_.#'##+
#_____###'#.#.[


There were no monsters in sight!

Vanquished Creatures
  Sonja (D)
  A deep troll (D)
  A slime creature (D)
  Sigmund (D)
  A yak (D)
  An ogre (D)
  Ijyb (D)
  A jelly (D)
8 creatures vanquished.

Vanquished Creatures (others)
  2 wasps (D)
2 creatures vanquished.

Grand Total: 10 creatures vanquished

Notes
Turn   | Place    | Note
--------------------------------------------------------------
     0 | D        | cmyster the Spriggan Assassin began the quest for the Orb.
     0 | D        | Reached XP level 1. HP: 10/10 MP: 2/2
     2 | D        | Noticed Ijyb
    34 | D        | Killed Ijyb
    34 | D        | Reached skill level 10 in Stealth
    34 | D        | Reached XP level 2. HP: 4/14 MP: 3/3
   282 | D        | Noticed an ogre
   285 | D        | Killed an ogre
   285 | D        | Reached skill level 14 in Stealth
   285 | D        | Reached XP level 3. HP: 18/18 MP: 4/4
   285 | D        | Reached XP level 4. HP: 22/22 MP: 5/5
   297 | D        | Noticed Sigmund
   331 | D        | Killed Sigmund
   331 | D        | Reached skill level 5 in Dodging
   331 | D        | Reached skill level 17 in Stealth
   331 | D        | Reached XP level 5. HP: 12/25 MP: 6/6
   505 | D        | Found a deep blue altar of Sif Muna.
   506 | D        | Noticed a jelly
   507 | D        | Found a radiant altar of Vehumet.
   513 | D        | Killed a jelly
   513 | D        | Reached XP level 6. HP: 30/30 MP: 7/7
   533 | D        | Found Doesorgh's Food Emporium.
   533 | D        | Found a white marble altar of Elyvilon.
   533 | D        | Found a stormy altar of Qazlal.
   533 | D        | Found a burning altar of Makhleb.
   533 | D        | Found a sacrificial altar of Ru.
   533 | D        | Found a basalt altar of Yredelemnul.
   533 | D        | Found a glowing golden altar of the Shining One.
   533 | D        | Found a sparkling altar of Nemelex Xobeh.
   533 | D        | Found a shimmering altar of Xom.
   533 | D        | Found an opulent altar of Gozag.
   533 | D        | Found an ancient bone altar of Kikubaaqudgha.
   533 | D        | Found a glowing silver altar of Zin.
   533 | D        | Noticed a yak
   534 | D        | Found an iron altar of Okawaru.
   535 | D        | Killed a yak
   535 | D        | Reached skill level 19 in Stealth
   536 | D        | Found a bloodstained altar of Trog.
   561 | D        | Became a worshipper of Qazlal Stormbringer
   574 | D        | Found a snail-covered altar of Cheibriados.
   574 | D        | Found a viscous altar of Jiyva.
   574 | D        | Found a shadowy altar of Dithmenos.
   574 | D        | Found a blossoming altar of Fedhas.
   574 | D        | Noticed a slime creature
   577 | D        | Killed a slime creature
   577 | D        | Reached skill level 20 in Stealth
   577 | D        | Reached XP level 7. HP: 33/33 MP: 8/8
   596 | D        | Noticed Sonja
   600 | D        | Killed Sonja
   600 | D        | Reached skill level 23 in Stealth
   600 | D        | Reached XP level 8. HP: 37/37 MP: 9/9
   620 | D        | Found Vyap's General Store.
   640 | D        | Noticed a deep troll
   644 | D        | HP: 1/37 [deep troll (12)]
   862 | D        | Killed a wasp
   867 | D        | Killed a wasp
   987 | D        | Noticed a kobold demonologist
  1040 | D        | Killed a deep troll
  1040 | D        | Acquired Qazlal's first power
  1040 | D        | Reached skill level 24 in Stealth
  1070 | D        | Noticed a centaur warrior
  1082 | D        | Found Anolloopt's Armour Emporium.
  1112 | D        | Noticed a centaur warrior
  1113 | D        | Noticed a wasp
  1447 | D        | Got out of the dungeon alive.

Vault maps used:
D:        dungeon_sprint_1

Action                   |  1- 3 |  4- 6 |  7- 9 || total
-------------------------+-------+-------+-------++-------
Melee: Dagger            |    12 |     3 |     1 ||    16
       Short sword       |       |       |     4 ||     4
 Fire: Blowgun           |     3 |     8 |    11 ||    22
  Use: Potion            |       |     1 |       ||     1
 Stab: Sleeping          |     1 |     3 |     1 ||     5
